cohdb
Replays
Latest Replays
All Replays
Popular Replays
Top Player Replays
Match Explorer
How It Works
Community
CoH3 Stats
Reddit
Sign in to upload your games and track your stats! →
Sign in with Steam
Match 36049960
Unlisted
Match 36049960
Overview
Messages
Build Orders
End
Engineer Squad
Construct Barracks
Riflemen Squad
Riflemen Squad
Grenade Package
Riflemen Squad
Infantry Support Center
Construct Medical Station
Construct Weapon Support Center
Bazooka Squad
Selects Advanced Infantry Battlegroup
Selects Convert to Ranger Squad
Selects Designate Assault Position
Construct Motor Pool
Kaesar
Gordon Tucker
Yaas
骑金将军的迈巴赫
Armbbking
Ariel
0
0
Comments
sign in to comment!
No comments posted yet!